 Dungeon Crawl Stone Soup version 0.26.1-2-gb8aa6d0cf2 (webtiles) character file.

Game seed: 14111487041857112258

233 Descartes the Magician (level 5, -4/28 HPs)
             Began as a Deep Elf Wanderer on Mar 10, 2021.
             Was an Initiate of Vehumet.
             Killed by divine providence
             ... invoked by an orc priest
              (11 damage)
             ... on level 4 of the Dungeon.
             The game lasted 00:06:50 (4228 turns).

Descartes the Magician (Deep Elf Wanderer)          Turns: 4228, Time: 00:06:51

Health: -4/28      AC:  4    Str:  9 (10) XL:     5   Next: 75%
Magic:  13/15      EV: 10    Int: 13 (16) God:    Vehumet [......]
Gold:   129        SH:  0    Dex: 13 (15) Spells: 14/15 levels left

rFire    + . .     SeeInvis .   a - +1 dagger
rCold    . . .     Faith    .   (no shield)
rNeg     . . .     Spirit   .   e - +0 leather armour
rPois    .         Reflect  .   (no helmet)
rElec    .         Harm     .   (no cloak)
rCorr    .         Rampage  .   w - +0 pair of gloves
Will     .....     Rnd*Tele +   (no boots)
Stlth    ++........             (no amulet)
HPRegen  0.09/turn              o - ring of teleportation (curse)
MPRegen  0.14/turn              q - ring of protection from fire

@: about to teleport
A: no striking features
a: Renounce Religion


You were on level 4 of the Dungeon.
You worshipped Vehumet.
Vehumet was noncommittal.
You visited 1 branch of the dungeon, and saw 4 of its levels.

You collected 129 gold pieces.

Inventory:

Hand Weapons
 a - a +1 dagger (weapon)
Missiles
 b - 15 bolts
 j - 21 arrows
 k - 85 stones
 l - 4 javelins
 m - 21 poisoned darts
Armour
 d - a +0 robe
 e - a +0 leather armour (worn)
 n - a +1 buckler
 w - a +0 pair of gloves (worn)
Jewellery
 o - a cursed ring of teleportation (left hand)
 q - a ring of protection from fire (right hand)
Scrolls
 p - a scroll of random uselessness {unknown}
 s - a scroll of enchant weapon
 t - 4 scrolls of teleportation
 x - a scroll of identify
 y - a scroll of amnesia
Potions
 f - a potion of degeneration
 h - a potion of invisibility
 i - 2 potions of cancellation {unknown}
 r - 2 potions of haste {unknown}
 u - 2 potions of brilliance {unknown}
 v - 3 potions of heal wounds


   Skills:
 - Level 2.4 Stealth
 + Level 2.8 Shields
 - Level 5.8 Spellcasting
 + Level 4.6 Conjurations
 - Level 2.1 Translocations
 - Level 1.1 Transmutations
 - Level 1.1 Poison Magic


You had 14 spell levels left.
You knew the following spells:

 Your Spells              Type           Power        Failure   Level
a - Magic Dart            Conj           60%          3%          1

Your spell library contained the following spells:

 Spells                   Type           Power        Failure   Level
 Blink                    Tloc           N/A          16%         2
 Conjure Flame            Conj/Fire      9%           28%         3
 Mephitic Cloud           Conj/Pois/Air  8%           32%         3
 Call Imp                 Summ           3%           36%         2
 Slow                     Hex            3%           36%         2


Dungeon Overview and Level Annotations

Branches:
Dungeon (4/15)
 Temple: D:4-7

Altars:
Vehumet
The Shining One


Message History

The weapon returns to the orc!
The frilled lizard hisses angrily.
Your magical contamination has completely faded away.
As you read the scroll labelled CYAN TOIHINN, it crumbles to dust.
It is a scroll of identify.
v - 3 potions of heal wounds The orc priest invokes the aid of Beogh against you.
Beogh smites you!
The orc throws a boomerang.
The boomerang hits you.
* * * LOW HITPOINT WARNING * * *
The weapon returns to the orc!
Casting: Magic Dart (safe; 3% risk of failure)
Confirm with . or Enter, or press ? or * to list all spells.
Aiming: Magic Dart (safe; 3% risk of failure)
Press: ? - help, Shift-Dir - straight line, f - orc
Aim: an orc, wielding a +0 dagger (0% to evade)
The magic dart hits the orc.
The orc is lightly wounded.
The orc priest mumbles some strange prayers to Beogh against you.
Beogh smites you!
You die...

#### ###..##
##.....#
#>....####### #
###...<###!...#
##.#.##.### #....#
......#..# #...#
#......# ##...##
##....## #...@.#
.....#..# #.#....#
...###...
.o..ooo.. ..
#.....o.....o....
#
......o.....##...#
..........lo. .###
.............. #
.........


You could see an orc priest, an orc wizard, 6 orcs and a frilled lizard.

Vanquished Creatures
  A howler monkey (D:4)
  Jessica (D:2)
  An iguana (D:4)
  7 adders
  2 oozes
  3 worms
  A dart slug (D:1)
  3 leopard geckos
  3 orcs
  A ball python (D:1)
  3 bats
  2 giant cockroaches
  6 goblins
  5 hobgoblins
  2 jackals (D:4)
  A frilled lizard (D:2)
  11 kobolds
  7 rats
60 creatures vanquished.

Notes
Turn   | Place    | Note
-------+----------+-------------------------------------------
     0 | D:1      | Descartes the Deep Elf Wanderer began the quest for the
                  | Orb.
     0 | D:1      | Descartes set off with the following items: a +0 dagger, a
                  | potion of curing, a +0 robe; and the following spell
                  | memorised: Magic Dart; and the following spells available
                  | to memorise: Blink, Call Imp, Slow, Mephitic Cloud, Conjure
                  | Flame
     0 | D:1      | Reached XP level 1. HP: 10/10 MP: 9/9
   181 | D:1      | Reached skill level 1 in Conjurations
   323 | D:1      | Reached XP level 2. HP: 15/15 MP: 5/10
  1067 | D:2      | Found a glowing golden altar of the Shining One.
  1076 | D:2      | Reached XP level 3. HP: 19/19 MP: 3/12
  1299 | D:2      | Reached skill level 1 in Shields
  1453 | D:2      | Noticed Jessica
  1463 | D:2      | Killed Jessica
  1464 | D:2      | Reached XP level 4. HP: 22/24 MP: 3/13
  1565 | D:2      | Found a radiant altar of Vehumet.
  1575 | D:2      | Became a worshipper of Vehumet
  3508 | D:4      | Reached XP level 5. HP: 21/28 MP: 6/15
  4228 | D:4      | Killed from afar by an orc priest

Illustrated notes

Levels and vault maps discovered:
D:1:      psy_arrival_basics, layout_basic
D:2:      layout_rooms, nicolae_overflow_hidden_temple,
          overflow_temple_1_default, lemuel_coloured_pillars_altar, uniq_jessica
D:3:      layout_basic
D:4:      layout_cave_pools, grunt_temple_overflow_diamond

Skill      XL: |  1  2  3  4 |
---------------+-------------+-----
Conjurations   | 1 2 3 4 |  4.6
Shields        | 1 2 |  2.8
Stealth        | |  2.4
Spellcasting   | |  5.8
Translocations | |  2.1
Transmutations | |  1.1
Poison Magic   | |  1.1

Action                   |  1- 3 |  4- 6 || total
-------------------------+-------+-------++-------
Melee: Dagger            |       |     6 ||     6
 Cast: Magic Dart        |    86 |   105 ||   191
  Use: Scroll            |     3 |     4 ||     7
       Potion            |       |     4 ||     4
 Stab: Invisible         |       |     1 ||     1
Armor: Leather armour    |     6 |     9 ||    15
Dodge: Dodged            |    11 |    22 ||    33
